 Dungeon Crawl Stone Soup version 0.26-a0-466-g989023bd0d (webtiles) character file.

Game seed: 18408911369161825309

602 KristoblXynda the Ruffian (level 7, -2/59 HPs)
             Began as a Troll Hedge Wizard on Aug 2, 2020.
             Incinerated by gruber's ghost (4 damage)
             ... with a sticky flame
             ... on level 5 of the Dungeon.
             The game lasted 00:05:51 (3363 turns).

KristoblXynda the Ruffian (Troll Hedge Wizard)      Turns: 3363, Time: 00:05:52

Health: -2/59      AC:  6    Str: 16 (19) XL:     7   Next: 18%
Magic:  9/9        EV: 10    Int: 10 (12) God:
Gold:   242        SH:  0    Dex:  6 (9)  Spells: 6/10 levels left

rFire    . . .     SeeInvis .     - Unarmed
rCold    . . .     Faith    .   (no shield)
rNeg     . . .     Spirit   .   b - +0 robe
rPois    .         Reflect  .   c - +0 hat
rElec    .         Harm     .   t - scarf {shadows}
rCorr    .                      (gloves unavailable)
MR       .....                  (boots unavailable)
Stlth    +.........             i - amulet of magic regeneration
HPRegen  0.59/turn              (no ring)
MPRegen  0.36/turn              (no ring)

@: liquid flames, glowing
A: large, unfitting armour, claws 3, regeneration 1, shaggy fur 1, tough skin 3
a: no special abilities


You were on level 5 of the Dungeon.
You visited 1 branch of the dungeon, and saw 5 of its levels.

You collected 242 gold pieces.

Inventory:

Hand Weapons
 w - a +1 vorpal morningstar
Armour
 b - a +0 robe (worn)
 c - a +0 hat (worn)
 t - a scarf of shadows (worn)
Jewellery
 i - an amulet of magic regeneration (around neck)
Wands
 o - a wand of digging (4)
 u - a wand of polymorph (10)
Scrolls
 f - a scroll of remove curse
 k - a scroll of blinking {unknown}
 m - a scroll of immolation {unknown}
 q - 2 scrolls of magic mapping
 r - a scroll of noise {unknown}
 s - 2 scrolls of teleportation {unknown}
 v - a scroll of amnesia {unknown}
Potions
 a - a potion of invisibility
 d - 2 potions of mutation
 g - a potion of curing {unknown}
 h - a potion of magic {unknown}
 j - a potion of heal wounds {unknown}
 n - a potion of might
 p - a potion of resistance


   Skills:
 + Level 4.0 Dodging
 - Level 1.0 Stealth
 + Level 4.2 Unarmed Combat
 - Level 2.0 Spellcasting
 + Level 3.2 Conjurations
   Level 0.6 Summonings
   Level 0.6 Translocations


You had 6 spell levels left.
You knew the following spells:

 Your Spells              Type           Power        Failure   Level
a - Magic Dart            Conj           #...         9%          1
b - Mephitic Cloud        Conj/Pois/Air  #.......     52%         3

Your spell library contained the following spells:

 Spells                   Type           Power        Failure   Level
 Summon Small Mammal      Summ           #...         24%         1
 Blink                    Tloc           N/A          36%         2
 Call Imp                 Summ           #.......     36%         2
 Slow                     Hex            #.......     43%         2
 Conjure Flame            Conj/Fire      #.......     43%         3
 Call Canine Familiar     Summ           #.......     58%         3
 Summon Guardian Golem    Hex/Summ       #.......     63%         3
 Summon Ice Beast         Ice/Summ       #.......     95%         4
 Summon Lightning Spire   Summ/Air       #.......     95%         4


Dungeon Overview and Level Annotations

Branches:
Dungeon (5/15)
 Temple: D:4-7

Altars:

Annotations:
D:5 gruber's ghost, novice OpFE


Innate Abilities, Weirdness & Mutations

You are too large for most types of armour.
You have claws for hands.
Your natural rate of healing is unusually fast.
You are covered in fur. (AC +1)
You have extremely tough skin. (AC +3)


Message History

You are covered in liquid flames!
* * * LOW HITPOINT WARNING * * *
Gruber's ghost says, "Would you like to be cremated?"
Gruber's ghost sprays you with burning goo.
The sticky flame hits you!
You are covered in liquid flames!
* * * LOW HITPOINT WARNING * * *
You scratch gruber's ghost.
Gruber's ghost is almost destroyed.
You are covered in liquid flames!
* * * LOW HITPOINT WARNING * * *
Gruber's ghost sprays you with burning goo.
The sticky flame hits you.
You are covered in liquid flames!
* * * LOW HITPOINT WARNING * * *
It was a potion of degeneration.
There was something very wrong with that liquid.
You feel weakened.
You feel dopey.
You feel clumsy.
You are covered in liquid flames!
You die...

.(... #.....#
####.....# #♣.#......#
#8)W......# ##########
♣.#@.....# .........#
####.....#
.........#### #.....#
............# ###......
............# #.......#
....†.......###.#######
...................#
...#######+#######.#
...# #.# #...


You could see gruber's ghost.

Vanquished Creatures
  Blork the orc (D:4)
  A scorpion (D:4)
  A hound (D:4)
  2 jellies
  3 orc wizards
  2 worker ants (D:4)
  A hound skeleton (D:4)
  Robin (D:3)
  8 gnolls
  An adder (D:3)
  4 oozes
  2 dart slugs
  3 leopard geckos
  11 orcs
  6 bats
  4 giant cockroaches
  16 goblins
  15 hobgoblins
  9 jackals
  6 quokkas
  A ball python (D:4)
  4 frilled lizards
  11 kobolds
  13 rats
126 creatures vanquished.

Notes
Turn   | Place    | Note
-------+----------+-------------------------------------------
     0 | D:1      | KristoblXynda the Troll Hedge Wizard began the quest for
                  | the Orb.
     0 | D:1      | Reached XP level 1. HP: 16/16 MP: 2/2
   123 | D:1      | Reached skill level 1 in Conjurations
   149 | D:1      | Reached XP level 2. HP: 24/24 MP: 4/4
   181 | D:1      | Reached skill level 1 in Unarmed Combat
   525 | D:1      | Reached XP level 3. HP: 31/31 MP: 5/5
   809 | D:2      | Reached XP level 4. HP: 12/39 MP: 6/6
  1530 | D:3      | Noticed Robin
  1565 | D:3      | Killed Robin
  1565 | D:3      | Reached XP level 5. HP: 39/45 MP: 7/7
  2441 | D:3      | Learned a level 3 spell: Mephitic Cloud
  2464 | D:4      | Reached XP level 6. HP: 53/53 MP: 8/8
  3024 | D:4      | Noticed Blork the orc
  3040 | D:4      | Killed Blork the orc
  3040 | D:4      | Reached XP level 7. HP: 47/59 MP: 9/9
  3217 | D:5      | Entered Level 5 of the Dungeon
  3348 | D:5      | Found a runed translucent door.
  3349 | D:5      | Noticed gruber's ghost (novice OpFE)
  3362 | D:5      | HP: 2/59 [gruber's ghost/sticky flame (4)]
  3363 | D:5      | Incinerated by gruber's ghost

Illustrated notes

Levels and vault maps discovered:
D:1:      dpeg_arrival_three_same_balls, layout_basic, minmay_statues_item
D:2:      layout_loops_ring
D:3:      layout_basic, uniq_robin
D:4:      layout_rooms, st_stairs_5, uniq_blork_the_orc
D:5:      layout_basic, gammafunk_ghost_grave, minmay_door_square,
          minmay_manual_mess

Skill      XL: |  1  2  3  4  5  6  7 |
---------------+----------------------+-----
Conjurations   | 1 2 3 |  3.2
Unarmed Combat | 1 2 3 4 |  4.2
Dodging        | 2 3 4 |  4.0
Stealth        | |  1.0
Spellcasting   | |  2.0
Summonings     | |  0.6
Translocations | |  0.6

Action                   |  1- 3 |  4- 6 |  7- 9 || total
-------------------------+-------+-------+-------++-------
Melee: Unarmed           |   133 |   281 |    18 ||   432
       Punch             |       |     3 |       ||     3
  Use: Scroll            |       |     4 |       ||     4
       Potion            |       |       |     1 ||     1
 Stab: Sleeping          |       |     2 |       ||     2
Armor: Robe              |    61 |   115 |     6 ||   182
Dodge: Dodged            |    70 |   146 |     8 ||   224

Table legend: (Time is in decaauts)
 A = Elapsed time spent in this place.
 B = Non-inter-level travel time spent in this place.
 C = Inter-level travel time spent in this place.
 D = Time resting spent in this place.
 E = Time spent auto-exploring this place.
 F = Levels seen in this place.
 G = Mean time per level.
                   A        B        C        D        E       F      G
               +--------+--------+--------+--------+--------+-----+--------+
         Total |   3342 |   3257 |     85 |    231 |   2013 |   5 |  668.4 |
       Dungeon |   3342 |   3257 |     85 |    231 |   2013 |   5 |  668.4 |
               +--------+--------+--------+--------+--------+-----+--------+

Top non-repeatable levels by time:
     D:3: 939 daAuts
     D:2: 784 daAuts
     D:4: 761 daAuts
     D:1: 713 daAuts
     D:5: 144 daAuts
